 Dungeon Crawl Stone Soup version 0.30-a0-709-gcdc1b43e22 (webtiles) character file.

Game seed: 7108050019285286780

975 Citaku the Covered (level 7, -1/62 HPs)
             Began as a Minotaur Fighter on Jan 22, 2023.
             Slain by Blork the orc
             ... wielding a +0 battleaxe
              (15 damage)
             ... on level 5 of the Dungeon.
             The game lasted 00:06:06 (4140 turns).

Citaku the Covered (Minotaur Fighter)               Turns: 4140, Time: 00:06:06

Health: -1/62      AC: 11    Str: 22    XL:     7   Next: 95%
Magic:  6/6        EV:  9    Int:  5    God:
Gold:   1289       SH:  5    Dex: 10    Spells: 6/6 levels left

rFire   . . .      SeeInvis .    a - +0 war axe
rCold   . . .      Faith    .    c - +0 buckler
rNeg    + . .      Spirit   .    b - +0 scale mail
rPois   .          Reflect  .    (helmet restricted)
rElec   .          Harm     .    i - +1 cloak
rCorr   .          Rampage  .    A - +0 pair of gloves
Will    .....                    (no boots) Stlth
                                 (no amulet)
HPRegen 0.30/turn                m - ring of positive energy
MPRegen 0.10/turn                (no ring)

@: no status effects
A: horns 2, retaliatory headbutt
a: no special abilities


You were on level 5 of the Dungeon.
You visited 1 branch of the dungeon, and saw 5 of its levels.
You also visited: Ossuary.

You collected 1289 gold pieces.

Inventory:

Hand Weapons
 a - a +0 war axe (weapon)
Armour
 b - a +0 scale mail (worn)
 c - a +0 buckler (worn)
 i - a +1 cloak (worn)
 A - a +0 pair of gloves (worn)
Jewellery
 m - a ring of positive energy (left hand)
Wands
 y - a wand of roots (8)
Scrolls
 d - 2 scrolls of fog {unknown}
 e - 2 scrolls of magic mapping {unknown}
 f - 2 scrolls of enchant armour
 h - 4 scrolls of identify
 k - a scroll of silence {unknown}
 l - a scroll of brand weapon {unknown}
 p - 3 scrolls of teleportation
 u - 3 scrolls of vulnerability {unknown}
 w - 3 scrolls of noise {unknown}
 x - 2 scrolls of fear
Potions
 g - 3 potions of mutation
 j - a potion of flight {unknown}
 n - a potion of magic {unknown}
 o - 4 potions of lignification {unknown}
 q - a potion of heal wounds {unknown}
 r - 7 potions of curing {unknown}
 s - a potion of berserk rage {unknown}
 t - 3 potions of resistance {unknown}
 v - 2 potions of degeneration {unknown}
 z - 2 potions of brilliance {unknown}


   Skills:
 + Level 5.7 Fighting
 * Level 6.7 Axes
 * Level 7.2 Armour
 + Level 5.8 Shields


You had 6 spell levels left.
You didn't know any spells.
Your spell library contained the following spells:

 Spells                   Type           Power      Damage    Failure   Level
 Beastly Appendage        Tmut           0%         N/A       85%         1
 Wereblood                Tmut           0%         N/A       94%         2
 Kindle Blastsparks       Fire/Tloc/Air  0%         2d10      99%         3
 Spider Form              Tmut/Pois      0%         N/A       99%         3
 Fulminant Prism          Conj/Hex       0%         3d5       100%        4
 Iskenderun's Mystic Bla  Conj/Tloc      0%         2d3       100%        4
 Lee's Rapid Deconstruct  Erth           0%         3d4*      100%        5


Dungeon Overview and Level Annotations

Branches:
Dungeon (5/15)            Ossuary (visited)
 Temple: D:4-7

Altars:

Shops:
D:2 [   D:4 [

Annotations:
D:5 Blork the orc


Innate Abilities, Weirdness & Mutations

You have a pair of horns on your head.
You reflexively headbutt those who attack you in melee.


Message History

You are too injured to fight recklessly!
You are too injured to fight recklessly!
You are too injured to fight recklessly!
You are too injured to fight recklessly!
You are too injured to fight recklessly!
You are too injured to fight recklessly!
You are too injured to fight recklessly!
You are too injured to fight recklessly!
You are too injured to fight recklessly!
You are too injured to fight recklessly!
You are too injured to fight recklessly!
You are too injured to fight recklessly!
You are too injured to fight recklessly!
Okay, then.
You closely miss Blork the orc.
Blork the orc is moderately wounded.
Blork the orc hits you with a +0 battleaxe!
You closely miss Blork the orc. Your headbutt misses Blork the orc.
Blork the orc is moderately wounded.
Blork the orc mumbles some strange words.
Blork the orc seems to speed up.
You hit Blork the orc.
Blork the orc is heavily wounded.
You block Blork the orc's attack.
Blork the orc casts a cantrip, but nothing happens.
You hit Blork the orc.
Blork the orc is severely wounded.
Blork the orc hits you but does no damage.
Blork the orc points at you and mumbles some strange words.
The puff of frost hits you.
* * * LOW HITPOINT WARNING * * *
You hit Blork the orc but do no damage. Your headbutt misses Blork the orc.
Blork the orc is severely wounded.
Blork the orc closely misses you.
You slash Blork the orc! Your headbutt misses Blork the orc.
Blork the orc is almost dead.
Blork the orc hits you with a +0 battleaxe.
* * * LOW HITPOINT WARNING * * *
Blork the orc hits you with a +0 battleaxe!
You die...

# #### #..# #.# # # #...
#..# #.# # # #..# #.#
#... #.. # # #..# #.#
### # # #..# #.# #.. #
#..# #.# #.# ###..# #.#
#.# ..#..# #.# #o#
#.#..####.# #@#
#......##.######.######
#.#..#.......>..........
..#..####.##############
###.......# ##......#
########


You could see Blork the orc (fast).

Vanquished Creatures
  Sigmund (D:2)
  2 ogres (D:5)
  A phantom (D:4)
  A necrophage (D:5)
  3 orc priests
  A jelly (D:4)
  A hound (D:4)
  2 orc wizards (D:5)
  8 mummies (Ossuary)
  3 gnolls (D:2)
  4 adders
  A white imp (D:5)
  An ufetubus (D:5)
  3 worms
  6 dart slugs
  21 orcs
  5 ball pythons
  7 endoplasms
  3 giant cockroaches
  9 goblins
  9 hobgoblins
  4 jackals (D:2)
  2 quokkas
  6 bats
  4 frilled lizards
  A gnoll zombie (Ossuary)
  A hobgoblin zombie (Ossuary)
  A kobold (D:3)
  5 kobold zombies (Ossuary)
  An orc zombie (Ossuary)
  A rat (D:1)
118 creatures vanquished.

Notes
Turn   | Place    | Note
-------+----------+-------------------------------------------
     0 | D:1      | Citaku the Minotaur Fighter began the quest for the Orb.
     0 | D:1      | Reached XP level 1. HP: 19/19 MP: 0/0
    10 | D:1      | Noticed a centaur
    73 | D:1      | Reached XP level 2. HP: 26/27 MP: 1/1
   152 | D:1      | Reached skill level 4 in Armour
   557 | D:2      | Reached XP level 3. HP: 33/33 MP: 2/2
   737 | D:2      | Noticed Sigmund
   746 | D:2      | Killed Sigmund
   747 | D:2      | Reached skill level 5 in Armour
   747 | D:2      | Reached XP level 4. HP: 16/41 MP: 3/3
   747 | D:2      | Reached XP level 5. HP: 19/47 MP: 4/4
  1333 | D:2      | Found Matsex's Antique Armour Shoppe.
  1654 | D:3      | Reached XP level 6. HP: 52/53 MP: 5/5
  1676 | D:3      | Reached skill level 5 in Axes
  1733 | D:3      | Found a faded altar of an unknown god.
  1733 | D:3      | Noticed a shining eye
  1738 | D:3      | Noticed a great orb of eyes
  1738 | D:3      | Noticed a floating eye
  1738 | D:3      | Noticed an eye of devastation
  2474 | D:4      | Identified a scroll of acquirement
  2474 | D:4      | Acquired 836 gold pieces
  2585 | D:4      | Found a sand-covered staircase.
  2589 | Ossuary  | Entered an ossuary
  2598 | Ossuary  | Reached skill level 5 in Shields
  2694 | Ossuary  | Reached skill level 6 in Armour
  2702 | Ossuary  | Reached skill level 5 in Fighting
  2953 | D:4      | Found Lodd's Armour Shoppe.
  3157 | D:4      | Reached XP level 7. HP: 61/61 MP: 6/6
  3499 | D:5      | Entered Level 5 of the Dungeon
  3904 | D:5      | Reached skill level 7 in Armour
  4124 | D:5      | Noticed Blork the orc
  4140 | D:5      | Slain by Blork the orc

Illustrated notes

Levels and vault maps discovered:
D:1:      evilmike_arrival_come_back, layout_rooms
D:2:      layout_loops_ring, serial_shops, shop, uniq_sigmund
D:3:      layout_basic, hellmonk_ecumenical_altar_watching_god
D:4:      layout_basic, enter_ossuary_5, serial_shops, kennysheep_mini,
          kennysheep_generic_room_12
D:5:      layout_loops_ring, uniq_blork_the_orc, uniq_edmund

Skill      XL: |  1  2  3  4  5  6  7 |
---------------+----------------------+-----
Armour         | 4 5 6 7 |  7.2
Axes           | 3 4 5 6 |  6.7
Shields        | 4 5 |  5.8
Fighting       | 4 5 |  5.7

Action                     |  1- 3 |  4- 6 |  7- 9 || total
---------------------------+-------+-------+-------++-------
  Melee: War axe           |    73 |   141 |    81 ||   295
         Headbutt          |     8 |    21 |    10 ||    39
    Use: Scroll            |       |     7 |       ||     7
         Potion            |       |       |     1 ||     1
 Armour: Scale mail        |    37 |    57 |    36 ||   130
  Dodge: Dodged            |    27 |    62 |    38 ||   127
  Block: Buckler           |    19 |    37 |    17 ||    73

Table legend: (Time is in decaauts)
 A = Elapsed time spent in this place.
 B = Non-inter-level travel time spent in this place.
 C = Inter-level travel time spent in this place.
 D = Time resting spent in this place.
 E = Time spent auto-exploring this place.
 F = Levels seen in this place.
 G = Mean time per level.
                   A        B        C        D        E       F      G
               +--------+--------+--------+--------+--------+-----+--------+
         Total |   4228 |   4069 |    159 |      0 |   3262 |   6 |  704.7 |
       Dungeon |   3886 |   3727 |    159 |      0 |   3023 |   5 |  777.2 |
       Ossuary |    342 |    342 |      0 |      0 |    239 |   1 |  342.0 |
               +--------+--------+--------+--------+--------+-----+--------+

Top non-repeatable levels by time:
     D:2: 1072 daAuts
     D:3: 960 daAuts
     D:5: 654 daAuts
     D:4: 634 daAuts
     D:1: 563 daAuts
 Ossuary: 342 daAuts
